 Dungeon Crawl Stone Soup version 0.21.1-1-g345015f (webtiles) character file.

6860 InkyOctopode the Severer (level 11, 0/95 HPs)
             Began as a Hill Orc Fighter on Apr 14, 2018.
             Was a Priest of the Shining One.
             Slain by a basilisk (6 damage)
             ... on level 2 of the Lair of Beasts.
             The game lasted 00:23:42 (10536 turns).

InkyOctopode the Severer (Hill Orc Fighter)        Turns: 10536, Time: 00:23:42

Health: 0/95       AC: 15    Str: 23    XL:     11   Next: 6%
Magic:  14/14      EV:  6    Int:  8    God:    the Shining One [***...]
Gold:   408        SH: 11    Dex: 10    Spells: 10/10 levels left

rFire    + + .     SeeInvis .   a - +0 war axe
rCold    x . .     Gourm    .   c - +0 shield
rNeg     + . .     Faith    .   L - +3 chain mail {rF+}
rPois    +         Spirit   .   v - +0 helmet
rElec    .         Reflect  .   (no cloak)
rCorr    .         Harm     .   t - +0 pair of gloves
MR       .....                  b - +0 pair of boots
Stlth    ..........             (no amulet)
HPRegen  0.25/turn              J - ring of poison resistance
MPRegen  0.14/turn              H - ring of fire

@: glowing
A: no striking features
a: Divine Shield, Renounce Religion


You were on level 2 of the Lair of Beasts.
You worshipped the Shining One.
The Shining One was most pleased with you.
You were not hungry.

You visited 2 branches of the dungeon, and saw 11 of its levels.
You also visited: Ossuary.

You collected 633 gold pieces.
You spent 225 gold pieces at shops.

Inventory:

Hand Weapons
 a - a +0 war axe (weapon)
 O - the +9 heavy crossbow "Sniper" {velocity, Acc+∞ SInv}
   (You found it on level 8 of the Dungeon)

   Any bolt fired from it inflicts extra damage.
   It lets you see invisible.
Armour
 b - a +0 pair of boots (worn)
 c - a +0 shield (worn)
 t - a +0 pair of gloves (worn)
 v - a +0 helmet (worn)
 K - a +0 plate armour
 L - a +3 chain mail of fire resistance (worn)
Jewellery
 H - a ring of fire (right hand)
 J - a ring of poison resistance (left hand)
Wands
 I - a wand of flame (6)
 M - a wand of polymorph (28)
 R - a wand of enslavement (11)
Scrolls
 i - 7 scrolls of remove curse
 m - 2 scrolls of enchant armour {unknown}
 p - 2 scrolls of fear {unknown}
 q - 5 scrolls of teleportation
 y - a scroll of blinking {unknown}
 A - a scroll of amnesia {unknown}
 B - 5 scrolls of enchant weapon {unknown}
 C - 2 scrolls of holy word {unknown}
 D - a scroll of magic mapping {unknown}
 E - a scroll of random uselessness {unknown}
 G - 5 scrolls of identify
 N - a scroll of noise {unknown}
 Q - a scroll of vulnerability {unknown}
Potions
 d - 5 potions of might
 e - 2 potions of agility {unknown}
 g - a potion of haste {unknown}
 h - 4 potions of heal wounds {unknown}
 j - a potion of curing
 k - 5 potions of berserk rage
 l - a potion of resistance {unknown}
 n - a potion of ambrosia {unknown}
 o - 2 potions of lignification {unknown}
 s - 3 potions of mutation {unknown}
 w - 2 potions of invisibility {unknown}
 x - 3 potions of brilliance {unknown}
 z - a potion of magic {unknown}
 F - 3 potions of flight {unknown}
 P - a potion of degeneration {unknown}
Books
 r - a book of Cantrips

   Spells                             Type                      Level
   a - Confusing Touch                Hexes                        1
   b - Animate Skeleton               Necromancy                   1
   c - Summon Small Mammal            Summoning                    1
   d - Apportation                    Translocation                1
 u - a book of Minor Magic

   Spells                             Type                      Level
   a - Magic Dart                     Conjuration                  1
   b - Blink                          Translocation                2
   c - Call Imp                       Summoning                    2
   d - Slow                           Hexes                        2
   e - Conjure Flame                  Conjuration/Fire             3
   f - Mephitic Cloud                 Conjuration/Poison/Air       3
Miscellaneous
 T - a crystal ball of energy
Comestibles
 f - 18 rations
 S - 5 chunks of flesh


   Skills:
 - Level 8.8 Fighting
 + Level 15.2 Axes
 - Level 3.4 Crossbows
 - Level 3.2 Armour
 * Level 8.3 Shields
 - Level 5.1 Invocations


You had 10 spell levels left.
You didn't know any spells.

Dungeon Overview and Level Annotations

Branches:
Dungeon (9/15)             Temple (0/1) D:4            Lair (2/6) D:9
    Orc (0/2) D:9
  Swamp: Lair:2-4    Shoals: Lair:2-4     Snake: Lair:2-4    Spider: Lair:2-4

Altars:
Ashenzari
Elyvilon
Fedhas
Gozag
Kikubaaqudgha
Nemelex Xobeh
Sif Muna
Trog
Vehumet
Xom
Zin
The Shining One

Shops:
D:7 *

Annotations:
D:9 Prince Ribbit


Message History

There is a stone staircase leading down here.
You feel better. You block the basilisk's attack.
The crocodile bites you but does no damage.
You block the basilisk's attack. The crocodile closely misses you.
You climb downwards.
Found a stone staircase leading down.
There is a stone staircase leading up here.
You hit the basilisk but do no damage. You slash the crocodile!
The crocodile bites you but does no damage.
The basilisk bites you.
* * * LOW HITPOINT WARNING * * *
You hit the basilisk.
The basilisk is lightly wounded.
You slash the crocodile! You slash the basilisk!
The basilisk is moderately wounded.
You slash the crocodile!
You kill the crocodile!
The basilisk bites you.
You die...

# . #. .# .
##.## ### ...
..#..P.#..#....
...............
.......l.......
.......@.......
.......†.......
......#P..#....
...##.#P.## >..
.. # .... . .
...#. .....
..... .


You could see a basilisk.

Vanquished Creatures
  A two-headed ogre (D:9)
  Pikel (D:4)
  The ghost of Kjarvalr the Shield-Bearer, a novice MiFi (D:4)
  2 komodo dragons
  A hippogriff (Lair:1)
  3 trolls (D:9)
  3 yaks
  Menkaure (D:7)
  An ice beast (D:9)
  4 orc warriors
  A black bear (D:8)
  A slave (D:4)
  3 ogres
  5 wolves (Lair:1)
  2 crocodiles
  2 centaurs (D:5)
  A big kobold (D:9)
  3 bullfrogs
  3 scorpions
  A wyvern skeleton (D:9)
  6 killer bees (D:8)
  4 howler monkeys
  A crimson imp (D:7)
  A bullfrog zombie (D:8)
  2 hounds
  7 orc priests
  A centaur skeleton (D:5)
  6 orc wizards
  2 bullfrog skeletons
  An iguana (D:9)
  4 worker ants
  A killer bee zombie (D:8)
  A hound skeleton (D:8)
  8 mummies (Ossuary)
  A howler monkey zombie (D:6)
  2 worker ant zombies
  4 gnolls (D:6)
  10 adders
  An adder zombie (D:5)
  3 worms
  3 dart slugs
  7 leopard geckos
  48 orcs
  3 ball pythons
  4 giant cockroaches
  2 gnoll zombies (Ossuary)
  6 goblins
  9 hobgoblins
  11 jackals
  4 quokkas
  8 bats
  6 frilled lizards
  A hobgoblin zombie (Ossuary)
  A jackal zombie (D:6)
  12 kobolds
  2 kobold zombies (Ossuary)
  A leopard gecko zombie (D:9)
  3 orc zombies (Ossuary)
  A quokka skeleton (D:6)
  7 rats
245 creatures vanquished.

Vanquished Creatures (others)
  A jackal zombie (D:5)
  A plant (D:9)
2 creatures vanquished.

Grand Total: 247 creatures vanquished

Notes
Turn   | Place    | Note
-------+----------+-------------------------------------------
     0 | D:1      | InkyOctopode the Hill Orc Fighter began the quest for the Orb.
     0 | D:1      | Reached XP level 1. HP: 19/19 MP: 1/1
    23 | D:1      | Reached skill level 3 in Axes
    95 | D:1      | Reached XP level 2. HP: 26/26 MP: 2/2
   155 | D:1      | Reached skill level 4 in Axes
   671 | D:2      | Reached XP level 3. HP: 29/31 MP: 3/3
   811 | D:2      | Reached skill level 5 in Axes
  1145 | D:2      | Found a bloodstained altar of Trog.
  1174 | D:2      | Found a glowing golden altar of the Shining One.
  1186 | D:2      | Became a worshipper of the Shining One
  1211 | D:2      | Reached XP level 4. HP: 35/39 MP: 4/4
  1656 | D:3      | Reached skill level 6 in Axes
  2008 | D:3      | Reached XP level 5. HP: 35/45 MP: 5/5
  2037 | D:3      | Reached skill level 7 in Axes
  2361 | D:3      | Found a deep blue altar of Sif Muna.
  2881 | D:4      | Noticed Kjarvalr's ghost (novice MiFi)
  2900 | D:4      | The Shining One protects you from harm!
  2901 | D:4      | Killed Kjarvalr's ghost
  2901 | D:4      | Reached skill level 10 in Axes
  2901 | D:4      | Reached XP level 6. HP: 3/51 MP: 6/6
  2901 | D:4      | Reached XP level 7. HP: 4/57 MP: 7/7
  3160 | D:4      | Found a sand-covered staircase.
  3169 | Ossuary  | Entered an ossuary
  3171 | Ossuary  | Reached * piety under the Shining One
  3452 | Ossuary  | Reached ** piety under the Shining One
  3913 | D:4      | Found a staircase to the Ecumenical Temple.
  4051 | D:4      | Noticed Pikel
  4063 | D:4      | Reached skill level 1 in Invocations
  4115 | D:4      | Killed Pikel
  4115 | D:4      | Reached skill level 5 in Fighting
  4115 | D:4      | Reached skill level 5 in Invocations
  4115 | D:4      | Reached XP level 8. HP: 66/70 MP: 7/11
  4416 | D:5      | Entered Level 5 of the Dungeon
  5330 | D:6      | Found a white marble altar of Elyvilon.
  5340 | D:6      | Reached skill level 5 in Shields
  5655 | D:6      | Reached XP level 9. HP: 73/79 MP: 12/12
  5659 | D:6      | Found an opulent altar of Gozag.
  5802 | D:6      | Found an ancient bone altar of Kikubaaqudgha.
  5804 | D:6      | Found a glowing silver altar of Zin.
  5976 | D:6      | You fall through a shaft for 2 floors!
  6275 | D:7      | Found a radiant altar of Vehumet.
  6454 | D:7      | Found a blossoming altar of Fedhas.
  6505 | D:7      | Found Akhloppus's Assorted Antiques.
  6507 | D:7      | Noticed Menkaure
  6523 | D:7      | Killed Menkaure
  6529 | D:7      | Bought a runed chain mail for 225 gold pieces
  7128 | D:8      | Reached *** piety under the Shining One
  7189 | D:8      | Found the +9 heavy crossbow "Sniper" {velocity, Acc+∞ SInv}
  7287 | D:8      | Found a shattered altar of Ashenzari.
  7448 | D:8      | Reached skill level 11 in Axes
  7449 | D:8      | Found a shimmering altar of Xom.
  7524 | D:8      | Reached skill level 1 in Crossbows
  8550 | D:9      | Found a sparkling altar of Nemelex Xobeh.
  8601 | D:9      | Reached skill level 12 in Axes
  8602 | D:9      | Noticed a troll
  8610 | D:9      | Killed a troll
  8610 | D:9      | Reached XP level 10. HP: 68/90 MP: 13/13
  8863 | D:9      | Noticed a two-headed ogre
  8886 | D:9      | Killed a two-headed ogre
  8886 | D:9      | Reached skill level 13 in Axes
  9385 | D:9      | Reached skill level 14 in Axes
  9669 | D:9      | Noticed Prince Ribbit
  9769 | D:9      | Found a staircase to the Orcish Mines.
  9906 | D:9      | Found a staircase to the Lair.
  9931 | D:9      | Noticed a two-headed ogre
  9958 | Lair:1   | Entered Level 1 of the Lair of Beasts
  9958 | Lair:1   | Noticed a spiny frog
  9973 | Lair:1   | HP: 4/90 [yak (4)]
 10479 | Lair:1   | HP: 3/90 [komodo dragon (22)]
 10485 | Lair:1   | Reached skill level 15 in Axes
 10485 | Lair:1   | Reached XP level 11. HP: 4/95 MP: 10/14
 10527 | Lair:1   | HP: 2/95 [crocodile (5)]
 10530 | Lair:1   | The Shining One protects you from harm!
 10536 | Lair:2   | Slain by a basilisk

Skill      XL: |  1  2  3  4  5  6  7  8  9 10 |
---------------+-------------------------------+-----
Axes           | 3 4 5 6 10 12 15 | 15.2
Invocations    | 5 |  5.1
Fighting       | 5 7 8 |  8.8
Shields        | 5 6 8 |  8.3
Crossbows      | 2 3 |  3.4
Armour         | |  3.2

Action                   |  1- 3 |  4- 6 |  7- 9 | 10-12 || total
-------------------------+-------+-------+-------+-------++-------
Melee: War axe           |   135 |   131 |   317 |   201 ||   784
Invok: Divine Shield     |       |       |       |     4 ||     4
  Use: Scroll            |       |     1 |     5 |     1 ||     7
       Potion            |       |     1 |     1 |     3 ||     5
  Eat: Chunk             |     1 |     6 |    13 |     8 ||    28
       Ration            |       |       |     1 |       ||     1
Armor: Scale mail        |    82 |    71 |    11 |       ||   164
       Chain mail        |       |       |   191 |    89 ||   280
Dodge: Dodged            |    74 |    69 |   123 |    39 ||   305
Block: Shield            |       |       |       |   102 ||   102
       Other             |       |       |       |     3 ||     3
